 Dungeon Crawl Stone Soup version 0.31-a0-940-gdaa99269f9 (webtiles) character file.

Game seed: 5122960931281730262

7463 Dittersdorf the Fighter (level 11, 0/72 HPs)
             Began as a Gargoyle Fighter on Oct 20, 2023.
             Was an Initiate of Gozag.
             Killed from afar by Maggie (12 damage)
             ... with a bolt of acid
             ... on level 10 of the Dungeon.
             The game lasted 00:13:55 (8679 turns).

Dittersdorf the Fighter (Gargoyle Fighter)          Turns: 8679, Time: 00:13:56

Health: 0/72       AC: 13    Str: 30      XL:     11   Next: 15%
Magic:  11/11      EV: 10    Int:  9      God:    Gozag
Gold:   470        SH: 11    Dex: 13 (15) Spells: 8/10 levels left

rFire   + . .        i - +5 morningstar (heavy)
rCold   + . .        s - +0 kite shield
rNeg    + . .        v - quicksilver dragon scales of Amelioration {rPois Will+ Regen+}
rPois   ∞            (no helmet)
rElec   +            f - scarf {rC+ rF+}
rCorr   .            (no gloves)
SInv    .            (no boots)
Will    +....        (no amulet)
Stlth   +            o - +6 ring of strength
HPRegen 1.12/turn    a - +6 ring of dexterity
MPRegen 0.12/turn

%: no passive effects
@: corroded, gold aura
A: sickness immunity, AC +8, negative energy resistance 1, electricity
resistance, torment resistance 1, petrification resistance
a: Renounce Religion, Potion Petition, Call Merchant, Bribe Branch


You were on level 10 of the Dungeon.
You worshipped Gozag.
Gozag was aware of your devotion.
You visited 2 branches of the dungeon, and saw 11 of its levels.

You collected 1490 gold pieces.
You spent 944 gold pieces at shops.
You paid 76 gold pieces to Gozag.

Inventory:

Hand Weapons
 i - a +5 heavy morningstar (weapon)
Armour
 f - a scarf of resistance (worn)
 s - a +0 kite shield (worn)
 v - the quicksilver dragon scales of Amelioration (worn) {rPois Will+ Regen+}
   (You bought it in a shop on level 1 of the Dungeon)

   rPois:     It protects you from poison Will+: It increases your willpower.
   Regen+:    It increases your rate of health regeneration.
Jewellery
 a - a +6 ring of dexterity (right hand)
 k - a ring of protection from cold
 o - a +6 ring of strength (left hand)
Wands
 u - a wand of flame (21)
 y - a wand of acid (10) (quivered)
Scrolls
 c - 3 scrolls of teleportation
 g - a scroll of enchant weapon
 j - a scroll of torment {unknown}
 t - 2 scrolls of blinking
 w - a scroll of silence
 x - 3 scrolls of summoning
Potions
 b - a potion of mutation
 d - 2 potions of might
 e - 2 potions of heal wounds
 h - 4 potions of curing
 m - a potion of resistance
 p - a potion of cancellation
 q - 2 potions of brilliance


   Skills:
 + Level 9.9 Fighting
 + Level 8.7 Maces & Flails
 + Level 9.9 Armour
 + Level 9.9 Shields


You had 8 spell levels left.
You knew the following spells:

 Your Spells              Type           Power      Damage    Failure   Level
a - Passwall              Tmut/Erth      0%         N/A       78%         2

Your spell library contained the following spells:

 Spells                   Type           Power      Damage    Failure   Level
 Ensorcelled Hibernation  Hex/Ice        0%         N/A       78%         2
 Static Discharge         Conj/Air       0%         3-3/arc   78%         2
 Ozocubu's Armour         Ice            0%         N/A       95%         3
 Swiftness                Air            0%         N/A       95%         3
 Airstrike                Air            0%         2d(0-16)  100%        4
 Summon Lightning Spire   Summ/Air       0%         N/A       100%        4
 Ozocubu's Refrigeration  Ice            0%         4d7       100%        7


Dungeon Overview and Level Annotations

Branches:
Dungeon (10/15)            Temple (1/1) D:4
   Lair: D:8-11         Orc: D:9-12

Altars:
Ashenzari
Cheibriados
Dithmenos
Elyvilon
Fedhas
Gozag
Hepliaklqana
Kikubaaqudgha
Makhleb
Okawaru
Qazlal
Ru
Sif Muna
Trog
Uskayaw
Wu Jian
Xom
Yredelemnul
Zin
The Shining One

Shops:
D:1 [   D:3 (   D:4 (   D:7 !   D:9 *!:*((:

Annotations:
D:10 Maggie


Innate Abilities, Weirdness & Mutations

You are immune to sickness and miasma.
Your stone body is resilient. (AC +8)
You are immune to poison.
You resist negative energy. (rN+)
You are resistant to electric shocks. (rElec)
You are resistant to unholy torment.
You are immune to petrification.


Message History

The acid dragon spits acid at you. The splash of acid hits you!!
The acid corrodes you!
You are too injured to fight recklessly!
You are too injured to fight recklessly!
You are too injured to fight recklessly!
You are too injured to fight recklessly!
You are too injured to fight recklessly!
You are too injured to fight recklessly!
You are too injured to fight recklessly!
You are too injured to fight recklessly!
You are too injured to fight recklessly!
You impale the acid dragon!!
You kill the acid dragon!
An ufetubus comes into view.
Maggie casts a spell at you. The bolt of fire hits you! You resist.
* * * LOW HITPOINT WARNING * * *
A white imp comes into view.
Maggie hits you with a +2 morningstar of holy wrath.
* * * LOW HITPOINT WARNING * * *
The white imp hits you but does no damage.
You see here 13 gold pieces.
The centaur warrior simulacrum attacks as it pursues you!
The centaur warrior simulacrum hits you but does no damage.
You block the centaur warrior simulacrum's attack.
The white imp gestures at you.
The puff of frost hits you but does no damage.
The white imp closely misses you. The white imp gestures at you.
The puff of frost hits you. You resist.
* * * LOW HITPOINT WARNING * * *
Maggie zaps a wand.
The bolt of acid hits the white imp.
The acid corrodes the white imp!
The bolt of acid hits you!
* * * LOW HITPOINT WARNING * * *
Maggie zaps a wand.
The bolt of acid hits the white imp!
The white imp seems to be corroded for longer.
The white imp dies!
The bolt of acid hits you!
You die...
Your body crumbles into a pile of gold.

#........# .#
#....###....#
#.....####..#
#.....#.....#
#.......#..##
#....#..=.#
###.##<..###
....>....#
###.###@.# #
#..# #.
##..##
.###..#$...#
......Z@##.#
.###...## ..#
#... #.# #..#
.# #.. .#


You could see Maggie.

Vanquished Creatures
  Joseph (D:9)
  The ghost of bchevrier the Magician, a novice GnWn (D:6)
  A kobold demonologist (D:6)
  Grinder (D:5)
  Sigmund (D:6)
  A shadow (D:9)
  A wraith (D:6)
  9 yaks
  Eustachio (D:5)
  Menkaure (D:6)
  Edmund (D:5)
  3 water moccasins
  An acid dragon (D:10)
  2 ice beasts
  3 black bears
  2 sky beasts
  5 centaurs
  2 kobold brigands
  3 phantoms
  3 bullfrogs
  Blork the orc (D:6)
  A gnoll sergeant (D:6)
  4 scorpions
  5 wights (D:7)
  10 killer bees (D:9)
  A howler monkey (D:9)
  An electric eel (D:9)
  2 jellies
  6 hounds
  6 quasits (D:6)
  4 orc priests
  6 iguanas
  8 orc wizards
  3 sleepcaps
  7 adders
  A shadow imp (D:6)
  2 white imps
  2 worms
  4 dart slugs
  18 orcs
  9 ball pythons
  6 endoplasms
  3 giant cockroaches
  5 goblins
  6 hobgoblins
  7 jackals
  14 kobolds
  4 quokkas
  3 bats
  2 frilled lizards (D:3)
  3 rats (D:2)
197 creatures vanquished.

Vanquished Creatures (others)
  A white imp (D:10)
1 creature vanquished.

Grand Total: 198 creatures vanquished

Notes
Turn   | Place    | Note
-------+----------+-------------------------------------------
     0 | D:1      | Dittersdorf the Gargoyle Fighter began the quest for the
                  | Orb.
     0 | D:1      | Reached XP level 1. HP: 14/14 MP: 1/1
    77 | D:1      | Found Juwk's Armour Boutique.
   141 | D:1      | Reached XP level 2. HP: 18/19 MP: 2/2
   733 | D:2      | Reached XP level 3. HP: 17/24 MP: 3/3
  1166 | D:3      | Reached XP level 4. HP: 26/29 MP: 4/4
  1219 | D:3      | Found Yxziron's Weapon Shop.
  1240 | D:3      | Learned a level 2 spell: Passwall
  1349 | D:3      | Found a broken altar of Ashenzari.
  1584 | D:3      | Found a faded altar of an unknown god.
  1735 | D:3      | Reached XP level 5. HP: 33/33 MP: 5/5
  2089 | D:4      | Noticed a water moccasin
  2095 | D:4      | Killed a water moccasin
  2096 | D:4      | Reached XP level 6. HP: 39/39 MP: 6/6
  2153 | D:4      | Found Fiosm's Antique Weapon Shop.
  2193 | D:4      | Found a staircase to the Ecumenical Temple.
  2204 | Temple   | Entered the Ecumenical Temple
  2216 | Temple   | Became a worshipper of Gozag Ym Sagoz the Greedy
  2443 | D:4      | Bought a runed morningstar for 161 gold pieces
  2679 | D:5      | Entered Level 5 of the Dungeon
  2701 | D:5      | Reached skill level 5 in Fighting
  2765 | D:5      | Noticed Edmund
  2772 | D:5      | Killed Edmund
  2773 | D:5      | Reached skill level 5 in Armour
  2773 | D:5      | Reached skill level 5 in Shields
  2773 | D:5      | Reached XP level 7. HP: 36/44 MP: 7/7
  2842 | D:5      | Noticed Grinder
  2844 | D:5      | Found a blossoming altar of Fedhas.
  2855 | D:5      | Paralysed by Grinder for 2 turns
  2862 | D:5      | Killed Grinder
  3032 | D:5      | Noticed Eustachio
  3043 | D:5      | Killed Eustachio
  3044 | D:5      | Reached XP level 8. HP: 47/51 MP: 8/8
  3131 | D:5      | Noticed a yak
  3132 | D:5      | Noticed a yak
  3133 | D:5      | Noticed a yak
  3176 | D:4      | Reached skill level 5 in Maces & Flails
  3250 | D:4      | Killed a yak
  3308 | D:5      | Noticed a yak
  3404 | D:4      | Killed a yak
  3409 | D:4      | Killed a yak
  3413 | D:4      | Killed a yak
  3657 | D:5      | Reached XP level 9. HP: 56/56 MP: 9/9
  4093 | D:6      | Found a transporter.
  4135 | D:6      | Noticed bchevrier's ghost (novice GnWn)
  4376 | D:6      | Noticed Sigmund
  4387 | D:6      | Killed Sigmund
  4652 | D:6      | Noticed Menkaure
  4658 | D:6      | Killed Menkaure
  4821 | D:6      | Noticed Blork the orc
  4823 | D:6      | Killed Blork the orc
  4860 | D:6      | Found a transporter.
  5016 | D:6      | Noticed a kobold demonologist
  5023 | D:6      | Killed a kobold demonologist
  5024 | D:6      | Reached XP level 10. HP: 62/64 MP: 10/10
  5161 | D:7      | Identified the +6 mace "Oquugoev" {heavy, MP+9 Int+3}
  5742 | D:7      | Found an iron altar of Okawaru.
  5881 | D:7      | Found Paywk's Distillery.
  6111 | D:8      | Found a shadowy altar of Dithmenos.
  6284 | D:1      | Bought the quicksilver dragon scales of Amelioration {rPois
                  | Will+ Regen+} for 783 gold pieces
  6967 | D:6      | Killed bchevrier's ghost
  7237 | D:9      | Found Xecinn's Antique Weapon Shop.
  7239 | D:9      | Found Eleyskal's Assorted Antiques.
  7289 | D:9      | Found Koc Soto's Distillery.
  7291 | D:9      | Found Luriost's Book Shoppe.
  7291 | D:9      | Found Dotobrism's Weapon Emporium.
  7295 | D:9      | Found Taisch's Book Shoppe.
  7431 | D:9      | Reached XP level 11. HP: 71/71 MP: 11/11
  7532 | D:9      | Noticed Joseph
  7540 | D:9      | Killed Joseph
  7643 | D:9      | Found Vukaop's Gadget Gallery.
  7811 | D:9      | Found a glowing golden altar of the Shining One.
  8060 | D:9      | Found Luriost's Book Shoppe.
  8061 | D:9      | Found Dotobrism's Weapon Emporium.
  8064 | D:9      | Found Koc Soto's Distillery.
  8064 | D:9      | Found Eleyskal's Assorted Antiques.
  8065 | D:9      | Found Xecinn's Antique Weapon Shop.
  8065 | D:9      | Found Taisch's Book Shoppe.
  8323 | D:9      | Found Vukaop's Gadget Gallery.
  8384 | D:9      | Found a glowing golden altar of the Shining One.
  8650 | D:10     | Entered Level 10 of the Dungeon
  8669 | D:10     | Noticed Maggie
  8679 | D:10     | Killed from afar by Maggie

Illustrated notes

Levels and vault maps discovered:
D:1:      matt_arrival_diagonals, layout_basic, serial_shops, nicolae_shop_stone
D:2:      layout_basic, minmay_hexomino_u4
D:3:      layout_basic, ashenzari_conservatory_becter, serial_shops,
          nicolae_shop_bloodbath_and_beyond, hellmonk_ecumenical_altar_zigzags,
          hex_intersection
D:4:      layout_rooms, minmay_temple_entry_drinking_statues, serial_shops,
          nicolae_stop_n_shop_1, st_stairs_14
D:5:      layout_basic, lemuel_doored_altar, uniq_grinder, uniq_edmund,
          uniq_eustachio
D:6:      minmay_cornered_nines, layout_gridville, gammafunk_ghost_stat_death,
          st_stairs_9, uniq_sigmund, uniq_menkaure, uniq_blork_the_orc
D:7:      layout_loops_cross, okawaru_metal_pillars_1_2, serial_shops,
          nicolae_inconvenience_store
D:8:      layout_gridville, grunt_dithmenos_shadows
D:9:      layout_loops_ring, nicolae_tso_swordbearing_angel,
          nicolae_wooded_promenade, nicolae_shop_gadgets, uniq_joseph
D:10:     layout_rooms, kennysheep_mini, lemuel_coloured_pillars_altar,
          erik_lair_island, serial_ice, serial_ice_i, serial_ice_n,
          serial_ice_a, serial_ice_m, serial_ice_d, serial_ice_c, uniq_sonja,
          uniq_maggie
Temple:   eino_wide_crystal_templ

Skill      XL: |  1  2  3  4  5  6  7  8  9 10 |
---------------+-------------------------------+-----
Fighting       | 4 5 6 8 9 |  9.9
Armour         | 4 5 6 8 9 |  9.9
Shields        | 4 5 6 8 9 |  9.9
Maces & Flails | 3 4 5 7 8 |  8.7

Action                     |  1- 3 |  4- 6 |  7- 9 | 10-12 || total
---------------------------+-------+-------+-------+-------++-------
  Melee: Flail             |    92 |   114 |       |       ||   206
         Morningstar       |       |    14 |   174 |   228 ||   416
  Throw: Dart              |       |     1 |     5 |       ||     6
  Evoke: Wand              |       |       |     4 |       ||     4
    Use: Scroll            |       |     6 |     6 |     5 ||    17
   Stab: Distracted        |       |     1 |       |     1 ||     2
 Armour: Scale mail        |    55 |    41 |       |       ||    96
         Chain mail        |       |    46 |   206 |    36 ||   288
         Quicksilver drago |       |       |       |   388 ||   388
  Dodge: Dodged            |    53 |    51 |   111 |   276 ||   491
  Block: Buckler           |    17 |    26 |    53 |     1 ||    97
         Kite shield       |       |       |       |   232 ||   232

Table legend: (Time is in decaauts)
 A = Elapsed time spent in this place.
 B = Non-inter-level travel time spent in this place.
 C = Inter-level travel time spent in this place.
 D = Time resting spent in this place.
 E = Time spent auto-exploring this place.
 F = Levels seen in this place.
 G = Mean time per level.
                   A        B        C        D        E       F      G
               +--------+--------+--------+--------+--------+-----+--------+
         Total |   8972 |   8156 |    816 |    658 |   5568 |  11 |  815.6 |
       Dungeon |   8950 |   8153 |    797 |    658 |   5568 |  10 |  895.0 |
        Temple |     21 |      2 |     19 |      0 |      0 |   1 |   21.0 |
               +--------+--------+--------+--------+--------+-----+--------+

Top non-repeatable levels by time:
     D:9: 1677 daAuts
     D:6: 1362 daAuts
     D:5: 1061 daAuts
     D:3: 981 daAuts
     D:7: 959 daAuts
     D:4: 941 daAuts
     D:2: 717 daAuts
     D:8: 629 daAuts
     D:1: 588 daAuts
    D:10: 32 daAuts
  Temple: 21 daAuts
